 Dungeon Crawl Stone Soup version 0.30-a0-377-g5cb311bc9f (webtiles) character file.

Game seed: 11859271419794228669

60 arthad the Covered (level 4, 0/29 HPs)
             Began as a Gargoyle Fighter on Nov 28, 2022.
             Slain by Crazy Yiuf
             ... wielding a +3 quarterstaff of chaos
              (8 damage)
             ... on level 2 of the Dungeon.
             The game lasted 00:02:14 (1719 turns).

arthad the Covered (Gargoyle Fighter)               Turns: 1719, Time: 00:02:15

Health: 0/29       AC: 11    Str: 21    XL:     4   Next: 6%
Magic:  1/4        EV:  9    Int:  9    God:
Gold:   176        SH:  4    Dex:  9    Spells: 3/3 levels left

rFire   . . .      SeeInvis .    g - +0 whip (vamp)
rCold   . . .      Faith    .    c - +0 buckler
rNeg    + . .      Spirit   .    b - +0 scale mail
rPois   ∞          Reflect  .    n - +0 helmet
rElec   +          Harm     .    (no cloak)
rCorr   .          Rampage  .    (no gloves)
Will    .....                    (no boots)
Stlth   ..........               (no amulet)
HPRegen 0.24/turn                (no ring)
MPRegen 0.09/turn                (no ring)

@: mighty, hasted, very quick
A: sickness immunity, AC +3, negative energy resistance 1, electricity
resistance, torment resistance 1, petrification resistance
a: no special abilities


You were on level 2 of the Dungeon.
You visited 1 branch of the dungeon, and saw 2 of its levels.

You collected 176 gold pieces.

Inventory:

Hand Weapons
 a - a +0 flail
 g - a +0 vampiric whip (weapon)
Armour
 b - a +0 scale mail (worn)
 c - a +0 buckler (worn)
 n - a +0 helmet (worn)
Scrolls
 e - 2 scrolls of enchant weapon {unknown}
 f - 2 scrolls of identify {unknown}
 i - a scroll of poison {unknown}
 m - a scroll of brand weapon {unknown}
Potions
 h - a potion of degeneration {unknown}
 j - a potion of mutation {unknown}
 k - a potion of resistance {unknown}
 l - a potion of haste
 o - a potion of cancellation {unknown}


   Skills:
 + Level 3.9 Fighting
 + Level 2.7 Maces & Flails
 + Level 3.9 Armour
 + Level 3.8 Shields


You had 3 spell levels left.
You didn't know any spells.
Your spell library was empty.

Dungeon Overview and Level Annotations

Branches:
Dungeon (2/15)

Altars:

Annotations:
D:2 Crazy Yiuf


Innate Abilities, Weirdness & Mutations

You are immune to sickness and miasma.
Your stone body is resilient. (AC +3)
You are immune to poison.
You resist negative energy. (rN+)
You are resistant to electric shocks. (rElec)
You are resistant to unholy torment.
You are immune to petrification.


Message History

Could not explore, unopened runed door.
As you open the door, it creaks loudly!
You completely miss Crazy Yiuf.
Crazy Yiuf hits you with a +3 quarterstaff of chaos!
Crazy Yiuf burns you.
You hit Crazy Yiuf.
Crazy Yiuf is lightly wounded.
Crazy Yiuf closely misses you.
You hit Crazy Yiuf but do no damage.
Crazy Yiuf is lightly wounded.
Crazy Yiuf hits you with a +3 quarterstaff of chaos.
Crazy Yiuf freezes you.
You closely miss Crazy Yiuf.
Crazy Yiuf is lightly wounded.
You block Crazy Yiuf's attack.
You hit Crazy Yiuf but do no damage.
Crazy Yiuf is lightly wounded.
Crazy Yiuf hits you with a +3 quarterstaff of chaos.
You feel your power leaking away.
You are too injured to fight recklessly!
You are too injured to fight recklessly!
You are too injured to fight recklessly!
You barely miss Crazy Yiuf.
Crazy Yiuf is lightly wounded.
Crazy Yiuf hits you with a +3 quarterstaff of chaos.
* * * LOW HITPOINT WARNING * * *
You hit Crazy Yiuf but do no damage.
Crazy Yiuf is lightly wounded.
Crazy Yiuf hits you but does no damage.
You hit Crazy Yiuf but do no damage.
Crazy Yiuf is lightly wounded.
Crazy Yiuf completely misses you.
It was a potion of haste.
You feel yourself speed up. Crazy Yiuf barely misses you.
You feel very mighty all of a sudden.
You closely miss Crazy Yiuf.
Crazy Yiuf is lightly wounded.
Crazy Yiuf cries, "Pitchfork!
Leather testudinal sow."
Crazy Yiuf hits you with a +3 quarterstaff of chaos!
You die...

#....# ####.####
#....# ###.......#
♣....♣ #...##.##.#
♣...♣♣ #...##.##.#
♣♣.♣♣ #......##.#
♣.♣♣ ##..##.##.#
♣♣.♣ #..#...#.##
♣.♣♣ ##..........
♣♣@♣ #...#...####
#g# ##.###.## ...
#..# #.# #...# ####
#.# #..)# ##'##
##### ##...##
##.....##
###########.......##
#..................#


You could see Crazy Yiuf.

Vanquished Creatures
  Robin (D:2)
  2 worms (D:2)
  2 dart slugs (D:1)
  2 bats
  An endoplasm (D:1)
  8 goblins
  4 hobgoblins
  4 jackals (D:2)
  A kobold (D:2)
  5 quokkas
  3 ball pythons
  A frilled lizard (D:2)
  A rat (D:2)
35 creatures vanquished.

Notes
Turn   | Place    | Note
-------+----------+-------------------------------------------
     0 | D:1      | arthad the Gargoyle Fighter began the quest for the Orb.
     0 | D:1      | Reached XP level 1. HP: 14/14 MP: 1/1
   138 | D:1      | Reached XP level 2. HP: 18/19 MP: 2/2
   765 | D:2      | Reached XP level 3. HP: 14/23 MP: 3/3
  1283 | D:2      | Noticed Robin
  1313 | D:2      | Killed Robin
  1314 | D:2      | Reached XP level 4. HP: 21/29 MP: 4/4
  1554 | D:2      | Found a runed translucent door.
  1555 | D:2      | Noticed Crazy Yiuf
  1719 | D:2      | Slain by Crazy Yiuf

Illustrated notes

Levels and vault maps discovered:
D:1:      dpeg_arrival_shelter, layout_loops_ring
D:2:      layout_loops_corners, solitary_fountain, uniq_crazy_yiuf_cottage,
          uniq_robin

Action                   |  1- 3 |  4- 6 || total
-------------------------+-------+-------++-------
Melee: Flail             |    18 |       ||    18
       Whip              |   119 |    11 ||   130
  Use: Potion            |       |     2 ||     2
Armor: Scale mail        |    57 |     2 ||    59
Dodge: Dodged            |    45 |     3 ||    48
Block: Buckler           |    33 |     2 ||    35

Table legend: (Time is in decaauts)
 A = Elapsed time spent in this place.
 B = Non-inter-level travel time spent in this place.
 C = Inter-level travel time spent in this place.
 D = Time resting spent in this place.
 E = Time spent auto-exploring this place.
 F = Levels seen in this place.
 G = Mean time per level.
                   A        B        C        D        E       F      G
               +--------+--------+--------+--------+--------+-----+--------+
         Total |   1726 |   1687 |     39 |      0 |   1410 |   2 |  863.0 |
       Dungeon |   1726 |   1687 |     39 |      0 |   1410 |   2 |  863.0 |
               +--------+--------+--------+--------+--------+-----+--------+

Top non-repeatable levels by time:
     D:2: 1006 daAuts
     D:1: 719 daAuts
